WCHLSIM.com - West Coast Hockey League
html PUBLIC "-//W3C//DTD XHTML 1.0 Transitional//EN" "http://www.w3.org/TR/xhtml1/DTD/xhtml1-transitional.dtd"> WCHL - Game 478 - KELOWNA ROCKETS vs COLORADO GLACIERCATS

KELOWNA ROCKETS vs COLORADO GLACIERCATS

Created - 20 janvier 2021 at 23:38

Goals
1 2 3 T
KELOWNA ROCKETS 2 1 2 5
COLORADO GLACIERCATS 2 0 0 2
Shots
1 2 3 T
KELOWNA ROCKETS 11 14 15 40
COLORADO GLACIERCATS 10 4 9 23

1st period

1. COLORADO GLACIERCATS , Ryan Ellis 11 (Leon Draisaitl 16, Dustin Brown 5) at 1:50 (PP)
2. KELOWNA ROCKETS , Pavel Buchnevich 8 (Anthony Cirelli 13, Kristopher Letang 12) at 6:33
3. COLORADO GLACIERCATS , Scott Laughton 4 (Brayden Schenn 18, Zach Bogosian 1) at 17:21
4. KELOWNA ROCKETS , Pavel Buchnevich 9 (Adam Fox 8) at 18:38

Penalties :
Dmitri Orlov (KEL) for Tripping (Minor) at 0:07, Johnny Boychuk (COL) for Holding (Minor) at 11:45, Pavel Buchnevich (KEL) for Hooking (Minor) at 14:54

2nd period

5. KELOWNA ROCKETS , Tyler Bertuzzi 9 (Anthony Cirelli 14, Pavel Buchnevich 20) at 18:03 (PP)

Penalties :
Zach Bogosian (COL) for Tripping (Minor) at 10:20, Dustin Brown (COL) for Hooking (Minor) at 16:15

3rd period

6. KELOWNA ROCKETS , Auston Matthews 23 (Jordan Eberle 19, Dmitri Orlov 6) at 5:30
7. KELOWNA ROCKETS , Alexander Ovechkin 13 (Adam Fox 9, Evgeny Kuznetsov 10) at 11:54 (PP)

Penalties :
Deryk Engelland (COL) for High sticking (Minor) at 6:12, Zach Aston-Reese (COL) for Tripping (Minor) at 11:24, Deryk Engelland (COL) for Boarding (Minor) at 12:23

Goalie Stats

Marcus Hogberg (KEL), 21 saves from 23 shots - (0,913), W, 7-3-2, 60:00 minutes
David Rittich (COL), 35 saves from 40 shots - (0,875), L, 6-8-1, 60:00 minutes

Players Stats for KELOWNA ROCKETS

Player Name              G  A  P  +/- PIM S  H  SB GA TA FO     MP     PP MP  PK MP  
------------------------------------------------------------------------------------
Adam Fox                 0  2  2   0  0   1  0  0  0  0  0/0    20:41   4:55   1:46 
Alexander Ovechkin       1  0  1   1  0   7  3  0  0  0  1/1    23:36   7:17   0:00 
Anthony Cirelli          0  2  2   2  0   6  2  0  0  0  4/18   21:45   3:30   1:19 
Auston Matthews          1  0  1   1  0   6  0  0  0  0  12/23  18:42   0:00   2:23 
Colby Cave               0  0  0   0  0   0  2  0  0  0  4/7     3:19   0:00   0:00 
Dmitri Orlov             0  1  1   1  2   1  0  1  0  0  0/0    19:57   4:53   0:00 
Evgeny Kuznetsov         0  1  1  -1  0   0  0  0  0  0  15/28  17:09   7:39   0:00 
Joakim Nordstrom         0  0  0  -1  0   0  2  0  0  0  0/0     9:30   0:00   0:00 
Jonas Siegenthaler       0  0  0   0  0   0  0  0  0  0  0/0    15:39   0:00   1:56 
Jordan Eberle            0  1  1   1  0   5  1  0  0  0  0/2    18:42   0:00   2:23 
Kristopher Letang        0  1  1   1  0   4  1  2  0  0  0/0    23:55   4:53   1:46 
Mark Giordano            0  0  0   2  0   0  1  1  0  0  0/0    21:21   1:04   1:56 
Niklas Hjalmarsson       0  0  0   0  0   1  2  0  0  0  0/0    13:43   0:00   0:00 
Pavel Buchnevich         2  1  3   2  2   4  1  0  0  0  3/4    22:04   4:24   0:45 
Scott Wilson             0  0  0   0  0   1  0  0  0  0  0/0     3:19   0:00   0:00 
Tyler Bertuzzi           1  0  1   2  0   2  1  0  0  0  1/1    21:54   4:24   0:34 
Vitaly Abramov           0  0  0   0  0   0  0  0  0  0  0/1     5:40   2:21   0:00 
Vladimir Tarasenko       0  0  0  -1  0   2  0  0  0  0  0/1    15:20   5:50   0:00 

Players Stats for COLORADO GLACIERCATS

Player Name              G  A  P  +/- PIM S  H  SB GA TA FO     MP     PP MP  PK MP  
------------------------------------------------------------------------------------
Brayden Schenn           0  1  1   0  0   2  0  0  0  0  9/16   17:12   2:16   0:00 
Cole Bardreau            0  0  0   0  0   1  0  0  0  0  2/5     5:50   0:00   0:00 
Deryk Engelland          0  0  0  -1  4   0  4  4  0  0  0/0    19:22   0:00   2:04 
Devon Toews              0  0  0  -1  0   0  1  0  0  0  0/0    23:45   2:16   4:09 
Dustin Brown             0  1  1  -1  2   2  2  0  0  0  2/3    14:20   1:26   0:52 
Ilya Lyubushkin          0  0  0   0  0   0  1  0  0  0  0/0     2:19   0:00   0:52 
Joel Edmundson           0  0  0  -1  0   0  3  3  0  0  0/0    23:05   1:26   3:52 
Johnny Boychuk           0  0  0   0  2   0  1  1  0  0  0/0    16:22   1:00   4:26 
Joonas Donskoi           0  0  0  -1  0   0  0  1  0  0  0/0    16:57   0:20   4:34 
Leon Draisaitl           0  1  1  -1  0   5  0  1  0  0  3/5    22:27   3:22   0:00 
Luke Glendening          0  0  0   0  0   0  0  0  0  0  5/13   19:44   0:00   4:48 
Ross Johnston            0  0  0   0  0   0  2  0  0  0  0/0     5:50   0:00   0:00 
Ryan Ellis               1  0  1  -1  0   2  0  2  0  0  0/0    25:20   2:42   4:51 
Sam Gagner               0  0  0  -1  0   1  1  1  0  0  3/13   12:29   0:00   0:26 
Scott Laughton           1  0  1   0  0   5  1  0  0  0  4/6    21:10   1:26   4:48 
Tomas Hertl              0  0  0  -1  0   3  0  1  0  0  18/25  20:31   2:16   5:00 
Zach Aston-Reese         0  0  0  -1  2   2  3  0  0  0  0/0    13:14   0:00   0:00 
Zach Bogosian            0  1  1   0  2   0  1  0  0  0  0/0     9:43   0:00   0:14 

3 Stars

1 - Pavel Buchnevich (KEL)
2 - Anthony Cirelli (KEL)
3 - Alexander Ovechkin (KEL)

Power Play

KELOWNA ROCKETS - 2 on 6 Attempt(s) - 33,33%
COLORADO GLACIERCATS - 1 on 2 Attempt(s) - 50,00%

Penalty Kill

KELOWNA ROCKETS - 1 on 2 Attempt(s) - 50,00% - Score 0 goal in Penalty Kill
COLORADO GLACIERCATS - 4 on 6 Attempt(s) - 66,67% - Score 0 goal in Penalty Kill

Team Stat

KELOWNA ROCKETS - Hits : 16 - Faceoff Wins : 40 - Blocked Shots : 4 - Penalty Minutes : 4
COLORADO GLACIERCATS - Hits : 20 - Faceoff Wins : 46 - Blocked Shots : 14 - Penalty Minutes : 12

Official

Referees : Reid Anderson and Jim Curtin
Linesman : Ryan Gibbons and Justin Cornell

Game Notes

No Game Note

Finance

Level 1 -- Attendance: 8063 (94,86%) -- Ticket Income 1 169 135 $
Level 2 -- Attendance: 5098 (84,97%) -- Ticket Income 586 270 $
Level 3 -- Attendance: 3000 (100,00%) -- Ticket Income 240 000 $
Level 4 -- Attendance: 4544 (90,88%) -- Ticket Income 272 640 $
Luxury Box -- Attendance: 910 (82,73%) -- Ticket Income 295 750 $
Game was played at the GC Place.
Total Attendance: 21615 (91,59%)
Total Ticket Income: 2 563 795 $
Other Expense: 25 638 $
Total Income: 2 538 157 $

KELOWNA ROCKETS

5 vs 5 Forward 
   Center                   Left Wing                Right Wing               Time % Phy DF OF 
 1 Auston Matthews          Alexander Ovechkin       Jordan Eberle            38     0   2  3  
 2 Anthony Cirelli          Pavel Buchnevich         Tyler Bertuzzi           37     1   2  2  
 3 Evgeny Kuznetsov         Joakim Nordstrom         Vladimir Tarasenko       25     1   2  2  
 4 Colby Cave               Scott Wilson             Vitaly Abramov           0      1   2  2  

5 vs 5 Defense 
   Defense                  Defense                                           Time % Phy DF OF 
 1 Mark Giordano            Dmitri Orlov                                      34     1   2  2  
 2 Adam Fox                 Kristopher Letang                                 32     1   2  2  
 3 Jonas Siegenthaler       Niklas Hjalmarsson                                21     1   2  2  
 4 Mark Giordano            Kristopher Letang                                 13     1   2  2  

PowerPlay Forward 
   Center                   Left Wing                Right Wing               Time % Phy DF OF 
 1 Evgeny Kuznetsov         Pavel Buchnevich         Tyler Bertuzzi           65     0   0  5  
 2 Evgeny Kuznetsov         Alexander Ovechkin       Vladimir Tarasenko       35     0   0  5  

PowerPlay Defense
   Defense                  Defense                                           Time % Phy DF OF 
 1 Alexander Ovechkin       Adam Fox                                          65     0   1  4  
 2 Dmitri Orlov             Kristopher Letang                                 35     0   2  3  

Penalty Kill 4 Players Forward 
   Center                   Wing                     Time % Phy DF OF 
 1 Auston Matthews          Jordan Eberle            55     1   3  1  
 2 Anthony Cirelli          Pavel Buchnevich         45     1   3  1  

Penalty Kill 4 Players Defense
   Defense                  Defense                  Time % Phy DF OF 
 1 Mark Giordano            Jonas Siegenthaler       55     1   2  2  
 2 Adam Fox                 Kristopher Letang        45     1   2  2  

Penalty Kill - 3 Players Forward 
   Forward                                           Time % Phy DF OF 
 1 Auston Matthews                                   55     1   4  0  
 2 Jordan Eberle                                     45     1   4  0  

Penalty Kill - 3 Players Defense
   Defense                  Defense                  Time % Phy DF OF 
 1 Mark Giordano            Jonas Siegenthaler       55     1   2  2  
 2 Adam Fox                 Kristopher Letang        45     1   2  2  

4 vs 4 Forward 
   Center                   Wing                     Time % Phy DF OF 
 1 Auston Matthews          Jordan Eberle            55     0   2  3  
 2 Evgeny Kuznetsov         Alexander Ovechkin       45     0   2  3  

4 vs 4 Defense
   Defense                  Defense                  Time % Phy DF OF 
 1 Mark Giordano            Jonas Siegenthaler       55     1   2  2  
 2 Kristopher Letang        Dmitri Orlov             45     1   2  2  

Last Minutes Offensive
   Center                   Left Wing                Right Wing               Defense                  Defense                  
   Auston Matthews          Alexander Ovechkin       Jordan Eberle            Mark Giordano            Kristopher Letang        

Last Minutes Defensive
   Center                   Left Wing                Right Wing               Defense                  Defense                  
   Auston Matthews          Pavel Buchnevich         Jordan Eberle            Mark Giordano            Kristopher Letang        

Goaltenders
Starting : Marcus Hogberg           
Backup : Tuukka Rask              

Extra Forwards
Normal : Alexander Ovechkin, Evgeny Kuznetsov, Tyler Bertuzzi - PP : Anthony Cirelli, Vitaly Abramov - PK : Tyler Bertuzzi
Extra Defensemen
Normal : Mark Giordano, Jonas Siegenthaler, Adam Fox - PP : Mark Giordano - PK : Dmitri Orlov, Niklas Hjalmarsson
Penalty Shots
Alexander Ovechkin, Auston Matthews, Evgeny Kuznetsov, Jordan Eberle, Tyler Bertuzzi
Custom OT Lines Forwards
Evgeny Kuznetsov, Alexander Ovechkin, Auston Matthews, Jordan Eberle, Anthony Cirelli, Pavel Buchnevich, Tyler Bertuzzi, Vladimir Tarasenko, Joakim Nordstrom, Vitaly Abramov
Custom OT Lines Defensemen
Mark Giordano, Adam Fox, Kristopher Letang, Dmitri Orlov, Jonas Siegenthaler

Scratches
Ilya Kovalchuk (Bruised Right Leg Injury), Vladislav Kamenev (Herniated Disc Injury)

COLORADO GLACIERCATS

5 vs 5 Forward 
   Center                   Left Wing                Right Wing               Time % Phy DF OF 
 1 Tomas Hertl              Zach Aston-Reese         Leon Draisaitl           38     0   2  3  
 2 Brayden Schenn           Scott Laughton           Luke Glendening          37     0   2  3  
 3 Sam Gagner               Joonas Donskoi           Dustin Brown             20     0   2  3  
 4 Cole Bardreau            Ross Johnston            Leon Draisaitl           5      1   2  2  

5 vs 5 Defense 
   Defense                  Defense                                           Time % Phy DF OF 
 1 Ryan Ellis               Joel Edmundson                                    40     0   4  1  
 2 Devon Toews              Deryk Engelland                                   35     0   4  1  
 3 Johnny Boychuk           Zach Bogosian                                     20     0   4  1  
 4 Johnny Boychuk           Ilya Lyubushkin                                   5      1   4  0  

PowerPlay Forward 
   Center                   Left Wing                Right Wing               Time % Phy DF OF 
 1 Tomas Hertl              Brayden Schenn           Leon Draisaitl           50     1   0  4  
 2 Scott Laughton           Dustin Brown             Leon Draisaitl           50     1   1  3  

PowerPlay Defense
   Defense                  Defense                                           Time % Phy DF OF 
 1 Ryan Ellis               Devon Toews                                       50     0   1  4  
 2 Joel Edmundson           Ryan Ellis                                        50     0   2  3  

Penalty Kill 4 Players Forward 
   Center                   Wing                     Time % Phy DF OF 
 1 Tomas Hertl              Joonas Donskoi           50     0   4  1  
 2 Luke Glendening          Scott Laughton           50     0   4  1  

Penalty Kill 4 Players Defense
   Defense                  Defense                  Time % Phy DF OF 
 1 Ryan Ellis               Johnny Boychuk           40     1   4  0  
 2 Joel Edmundson           Deryk Engelland          60     1   4  0  

Penalty Kill - 3 Players Forward 
   Forward                                           Time % Phy DF OF 
 1 Tomas Hertl                                       50     0   5  0  
 2 Leon Draisaitl                                    50     0   5  0  

Penalty Kill - 3 Players Defense
   Defense                  Defense                  Time % Phy DF OF 
 1 Ryan Ellis               Joel Edmundson           50     0   5  0  
 2 Johnny Boychuk           Deryk Engelland          50     0   5  0  

4 vs 4 Forward 
   Center                   Wing                     Time % Phy DF OF 
 1 Leon Draisaitl           Joonas Donskoi           50     0   1  4  
 2 Tomas Hertl              Brayden Schenn           50     0   1  4  

4 vs 4 Defense
   Defense                  Defense                  Time % Phy DF OF 
 1 Joel Edmundson           Ryan Ellis               50     0   3  2  
 2 Deryk Engelland          Devon Toews              50     0   3  2  

Last Minutes Offensive
   Center                   Left Wing                Right Wing               Defense                  Defense                  
   Tomas Hertl              Brayden Schenn           Leon Draisaitl           Ryan Ellis               Devon Toews              

Last Minutes Defensive
   Center                   Left Wing                Right Wing               Defense                  Defense                  
   Tomas Hertl              Leon Draisaitl           Luke Glendening          Ryan Ellis               Deryk Engelland          

Goaltenders
Starting : David Rittich            
Backup : Darcy Kuemper            

Extra Forwards
Normal : Brayden Schenn, Leon Draisaitl, Tomas Hertl - PP : Joonas Donskoi, Tomas Hertl - PK : Sam Gagner
Extra Defensemen
Normal : Johnny Boychuk, Deryk Engelland, Zach Bogosian - PP : Johnny Boychuk - PK : Devon Toews, Zach Bogosian
Penalty Shots
Leon Draisaitl, Brayden Schenn, Tomas Hertl, Joonas Donskoi, Scott Laughton
Custom OT Lines Forwards
Leon Draisaitl, Tomas Hertl, Brayden Schenn, Scott Laughton, Dustin Brown, Joonas Donskoi, Sam Gagner, Luke Glendening, Zach Aston-Reese, Ross Johnston
Custom OT Lines Defensemen
Ryan Ellis, Devon Toews, Deryk Engelland, Joel Edmundson, Johnny Boychuk

Scratches
Alex Iafallo (Back Injury), Jordan Martinook (Left Eye Injury)

% Time on Ice - KELOWNA ROCKETS

Lines # - Real PCT - Wanted PCT - Time Play
Normal Forward
1 - 35% - 38% - 16:19
2 - 37% - 37% - 16:56
3 - 21% - 25% - 9:30
4 - 7% - 0% - 3:19
Normal Defense
1 - 33% - 34% - 15:05
2 - 30% - 32% - 14:00
3 - 30% - 21% - 13:43
4 - 7% - 13% - 3:16
PP Forward
1 - 43% - 65% - 4:24
2 - 57% - 35% - 5:50
PP Defense
1 - 52% - 65% - 5:21
2 - 48% - 35% - 4:53
PK Forward
1 - 64% - 55% - 2:23
2 - 36% - 45% - 1:19
PK Defense
1 - 52% - 55% - 1:56
2 - 48% - 45% - 1:46
PK3 Forward
1 - 0% - 55%
2 - 0% - 45%
PK3 Defense
1 - 0% - 55%
2 - 0% - 45%
44 Forward
1 - 0% - 55%
2 - 0% - 45%
44 Defense
1 - 0% - 55%
2 - 0% - 45%
Last Minute Offensive  - 0:00
Last Minute Defensive  - 0:00
Total
Forward - 60:00
Defense - 60:00

% Time on Ice - COLORADO GLACIERCATS

Lines # - Real PCT - Wanted PCT - Time Play
Normal Forward
1 - 29% - 38% - 13:15
2 - 32% - 37% - 14:56
3 - 26% - 20% - 12:03
4 - 13% - 5% - 5:50
Normal Defense
1 - 39% - 40% - 17:47
2 - 38% - 35% - 17:20
3 - 21% - 20% - 9:30
4 - 3% - 5% - 1:27
PP Forward
1 - 61% - 50% - 2:16
2 - 39% - 50% - 1:26
PP Defense
1 - 61% - 50% - 2:16
2 - 39% - 50% - 1:26
PK Forward
1 - 53% - 50% - 5:26
2 - 47% - 50% - 4:48
PK Defense
1 - 57% - 40% - 5:50
2 - 43% - 60% - 4:24
PK3 Forward
1 - 0% - 50%
2 - 0% - 50%
PK3 Defense
1 - 0% - 50%
2 - 0% - 50%
44 Forward
1 - 0% - 50%
2 - 0% - 50%
44 Defense
1 - 0% - 50%
2 - 0% - 50%
Last Minute Offensive  - 0:00
Last Minute Defensive  - 0:00
Total
Forward - 60:00
Defense - 60:00

Play-by-Play

1st period


0:01 of 1st period - Tomas Hertl wins face-off versus Auston Matthews in neutral zone.
0:07 of 1st period - Minor Penalty to Dmitri Orlov for Tripping.
0:08 of 1st period - Tomas Hertl wins face-off versus Auston Matthews in KELOWNA ROCKETS zone.
1:04 of 1st period - Icing by Ryan Ellis.
1:05 of 1st period - Anthony Cirelli wins face-off versus Tomas Hertl in COLORADO GLACIERCATS zone.
1:24 of 1st period - Shot by Scott Laughton.
1:24 of 1st period - Stopped by Marcus Hogberg without a rebound.
1:25 of 1st period - Auston Matthews wins face-off versus Scott Laughton in KELOWNA ROCKETS zone.
1:25 of 1st period - Auston Matthews is hit by Scott Laughton.
1:50 of 1st period - Shot by Ryan Ellis.
1:50 of 1st period - Goal by Ryan Ellis - KELOWNA ROCKETS : 0 - COLORADO GLACIERCATS : 1.
1:51 of 1st period - Anthony Cirelli wins face-off versus Sam Gagner in neutral zone.
2:27 of 1st period - Icing by Zach Bogosian.
2:28 of 1st period - Auston Matthews wins face-off versus Sam Gagner in COLORADO GLACIERCATS zone.
3:05 of 1st period - Shot by Auston Matthews.
3:05 of 1st period - Deflect By Alexander Ovechkin.
3:05 of 1st period - Stopped by David Rittich without a rebound.
3:06 of 1st period - Tomas Hertl wins face-off versus Evgeny Kuznetsov in COLORADO GLACIERCATS zone.
3:11 of 1st period - Shot by Zach Aston-Reese.
3:11 of 1st period - Stopped by Marcus Hogberg without a rebound.
3:12 of 1st period - Evgeny Kuznetsov wins face-off versus Brayden Schenn in KELOWNA ROCKETS zone.
3:17 of 1st period - Ryan Ellis is hit by Joakim Nordstrom and loses puck.
4:35 of 1st period - Shot by Tyler Bertuzzi.
4:35 of 1st period - Shot Blocked by Deryk Engelland.
4:37 of 1st period - Shot by Tyler Bertuzzi.
4:37 of 1st period - Shot Misses the Net.
5:05 of 1st period - Shot by Auston Matthews.
5:05 of 1st period - Stopped by David Rittich with a rebound.
5:29 of 1st period - Shot by Alexander Ovechkin.
5:29 of 1st period - Shot Blocked by Deryk Engelland.
5:31 of 1st period - Shot by Jordan Eberle.
5:31 of 1st period - Stopped by David Rittich without a rebound.
5:32 of 1st period - Evgeny Kuznetsov wins face-off versus Sam Gagner in COLORADO GLACIERCATS zone.
5:32 of 1st period - Vladimir Tarasenko is hit by Ilya Lyubushkin and loses puck.
5:38 of 1st period - Joonas Donskoi is hit by Niklas Hjalmarsson and loses puck.
5:56 of 1st period - Dustin Brown is hit by Niklas Hjalmarsson and loses puck.
6:09 of 1st period - Shot by Dustin Brown.
6:09 of 1st period - Stopped by Marcus Hogberg without a rebound.
6:10 of 1st period - Brayden Schenn wins face-off versus Pavel Buchnevich in KELOWNA ROCKETS zone.
6:26 of 1st period - Pavel Buchnevich is hit by Joel Edmundson and loses puck.
6:31 of 1st period - Shot by Anthony Cirelli.
6:31 of 1st period - Stopped by David Rittich with a rebound.
6:33 of 1st period - Shot by Pavel Buchnevich.
6:33 of 1st period - Goal by Pavel Buchnevich - KELOWNA ROCKETS : 1 - COLORADO GLACIERCATS : 1.
6:34 of 1st period - Auston Matthews wins face-off versus Leon Draisaitl in neutral zone.
6:39 of 1st period - Shot by Alexander Ovechkin.
6:39 of 1st period - Shot Misses the Net.
7:22 of 1st period - Icing by Jordan Eberle.
7:23 of 1st period - Brayden Schenn wins face-off versus Auston Matthews in KELOWNA ROCKETS zone.
7:52 of 1st period - Shot by Tyler Bertuzzi.
7:52 of 1st period - Shot Hit the Post.
7:54 of 1st period - Shot by Anthony Cirelli.
7:54 of 1st period - Stopped by David Rittich without a rebound.
7:55 of 1st period - Evgeny Kuznetsov wins face-off versus Sam Gagner in COLORADO GLACIERCATS zone.
8:18 of 1st period - Shot by Sam Gagner.
8:18 of 1st period - Deflect By Dustin Brown.
8:18 of 1st period - Shot Misses the Net.
8:33 of 1st period - Icing by Joel Edmundson.
8:34 of 1st period - Anthony Cirelli wins face-off versus Sam Gagner in COLORADO GLACIERCATS zone.
8:37 of 1st period - Shot by Pavel Buchnevich.
8:37 of 1st period - Shot Misses the Net.
8:39 of 1st period - Shot by Anthony Cirelli.
8:39 of 1st period - Stopped by David Rittich without a rebound.
8:40 of 1st period - Leon Draisaitl wins face-off versus Anthony Cirelli in COLORADO GLACIERCATS zone.
8:47 of 1st period - Shot by Anthony Cirelli.
8:47 of 1st period - Shot Blocked by Tomas Hertl.
8:49 of 1st period - Shot by Anthony Cirelli.
8:49 of 1st period - Shot Misses the Net.
9:19 of 1st period - Shot by Anthony Cirelli.
9:19 of 1st period - Stopped by David Rittich without a rebound.
9:20 of 1st period - Brayden Schenn wins face-off versus Auston Matthews in COLORADO GLACIERCATS zone.
9:20 of 1st period - Ryan Ellis is hit by Jordan Eberle and loses puck.
9:28 of 1st period - Off-side.
9:29 of 1st period - Auston Matthews wins face-off versus Brayden Schenn in neutral zone.
9:49 of 1st period - Shot by Brayden Schenn.
9:49 of 1st period - Shot Blocked by Mark Giordano.
10:09 of 1st period - Shot by Scott Laughton.
10:09 of 1st period - Stopped by Marcus Hogberg without a rebound.
10:10 of 1st period - Pavel Buchnevich wins face-off versus Tomas Hertl in KELOWNA ROCKETS zone.
10:48 of 1st period - Anthony Cirelli is hit by Deryk Engelland and loses puck.
11:08 of 1st period - Pavel Buchnevich is hit by Sam Gagner and loses puck.
11:20 of 1st period - Kristopher Letang is hit by Johnny Boychuk and loses puck.
11:34 of 1st period - Jordan Eberle is hit by Zach Bogosian.
11:42 of 1st period - Shot by Auston Matthews.
11:42 of 1st period - Shot Blocked by Sam Gagner.
11:44 of 1st period - Shot by Dmitri Orlov.
11:44 of 1st period - Stopped by David Rittich with a rebound.
11:45 of 1st period - Minor Penalty to Johnny Boychuk for Holding.
11:46 of 1st period - Evgeny Kuznetsov wins face-off versus Luke Glendening in COLORADO GLACIERCATS zone.
11:47 of 1st period - Shot by Alexander Ovechkin.
11:47 of 1st period - Shot Misses the Net.
12:11 of 1st period - Shot by Alexander Ovechkin.
12:11 of 1st period - Stopped by David Rittich without a rebound.
12:12 of 1st period - Luke Glendening wins face-off versus Evgeny Kuznetsov in COLORADO GLACIERCATS zone.
12:41 of 1st period - Shot by Dmitri Orlov.
12:41 of 1st period - Shot Misses the Net.
13:07 of 1st period - Shot by Anthony Cirelli.
13:07 of 1st period - Shot Misses the Net.
13:09 of 1st period - Shot by Mark Giordano.
13:09 of 1st period - Shot Misses the Net.
13:50 of 1st period - Icing by Johnny Boychuk.
13:51 of 1st period - Cole Bardreau wins face-off versus Colby Cave in COLORADO GLACIERCATS zone.
13:51 of 1st period - Cole Bardreau is hit by Colby Cave.
14:19 of 1st period - Shot by Leon Draisaitl.
14:19 of 1st period - Shot Misses the Net.
14:21 of 1st period - Shot by Cole Bardreau.
14:21 of 1st period - Stopped by Marcus Hogberg without a rebound.
14:22 of 1st period - Tyler Bertuzzi wins face-off versus Sam Gagner in KELOWNA ROCKETS zone.
14:51 of 1st period - Shot by Tyler Bertuzzi.
14:51 of 1st period - Shot Blocked by Joonas Donskoi.
14:54 of 1st period - Minor Penalty to Pavel Buchnevich for Hooking.
14:55 of 1st period - Tomas Hertl wins face-off versus Jordan Eberle in KELOWNA ROCKETS zone.
15:20 of 1st period - Shot by Brayden Schenn.
15:20 of 1st period - Shot Misses the Net.
15:22 of 1st period - Shot by Ryan Ellis.
15:22 of 1st period - Stopped by Marcus Hogberg without a rebound.
15:23 of 1st period - Scott Laughton wins face-off versus Anthony Cirelli in KELOWNA ROCKETS zone.
15:33 of 1st period - Icing by Johnny Boychuk.
15:34 of 1st period - Auston Matthews wins face-off versus Dustin Brown in COLORADO GLACIERCATS zone.
16:00 of 1st period - Shot by Leon Draisaitl.
16:00 of 1st period - Deflect By Scott Laughton.
16:00 of 1st period - Shot Misses the Net.
16:30 of 1st period - Shot by Tomas Hertl.
16:30 of 1st period - Stopped by Marcus Hogberg without a rebound.
16:31 of 1st period - Auston Matthews wins face-off versus Tomas Hertl in KELOWNA ROCKETS zone.
16:39 of 1st period - Icing by Ryan Ellis.
16:40 of 1st period - Tomas Hertl wins face-off versus Auston Matthews in COLORADO GLACIERCATS zone.
16:59 of 1st period - Shot by Sam Gagner.
16:59 of 1st period - Stopped by Marcus Hogberg without a rebound.
17:00 of 1st period - Evgeny Kuznetsov wins face-off versus Scott Laughton in KELOWNA ROCKETS zone.
17:15 of 1st period - Shot by Scott Laughton.
17:15 of 1st period - Shot Blocked by Kristopher Letang.
17:17 of 1st period - Shot by Brayden Schenn.
17:17 of 1st period - Shot Misses the Net.
17:19 of 1st period - Shot by Scott Laughton.
17:19 of 1st period - Shot Misses the Net.
17:21 of 1st period - Shot by Scott Laughton.
17:21 of 1st period - Goal by Scott Laughton - KELOWNA ROCKETS : 1 - COLORADO GLACIERCATS : 2.
17:22 of 1st period - Auston Matthews wins face-off versus Sam Gagner in neutral zone.
17:39 of 1st period - Shot by Auston Matthews.
17:39 of 1st period - Shot Misses the Net.
17:55 of 1st period - Shot by Joonas Donskoi.
17:55 of 1st period - Shot Misses the Net.
18:38 of 1st period - Shot by Pavel Buchnevich.
18:38 of 1st period - Goal by Pavel Buchnevich - KELOWNA ROCKETS : 2 - COLORADO GLACIERCATS : 2.
18:39 of 1st period - Brayden Schenn wins face-off versus Evgeny Kuznetsov in neutral zone.
18:49 of 1st period - Luke Glendening is hit by Kristopher Letang and loses puck.
Goals for this period are 2 for KELOWNA ROCKETS vs 2 for COLORADO GLACIERCATS.
Shots for this period are 11 for KELOWNA ROCKETS vs 10 for COLORADO GLACIERCATS.

2nd period


0:01 of 2nd period - Auston Matthews wins face-off versus Leon Draisaitl in neutral zone.
0:06 of 2nd period - Shot by Auston Matthews.
0:06 of 2nd period - Stopped by David Rittich without a rebound.
0:07 of 2nd period - Tomas Hertl wins face-off versus Auston Matthews in COLORADO GLACIERCATS zone.
0:38 of 2nd period - Shot by Auston Matthews.
0:38 of 2nd period - Stopped by David Rittich with a rebound.
0:40 of 2nd period - Shot by Kristopher Letang.
0:40 of 2nd period - Stopped by David Rittich without a rebound.
0:41 of 2nd period - Brayden Schenn wins face-off versus Anthony Cirelli in COLORADO GLACIERCATS zone.
1:00 of 2nd period - Shot by Scott Laughton.
1:00 of 2nd period - Shot Misses the Net.
1:02 of 2nd period - Shot by Deryk Engelland.
1:02 of 2nd period - Shot Misses the Net.
1:04 of 2nd period - Shot by Deryk Engelland.
1:04 of 2nd period - Deflect By Brayden Schenn.
1:04 of 2nd period - Shot Misses the Net.
1:18 of 2nd period - Shot by Anthony Cirelli.
1:18 of 2nd period - Stopped by David Rittich without a rebound.
1:19 of 2nd period - Tomas Hertl wins face-off versus Auston Matthews in COLORADO GLACIERCATS zone.
1:26 of 2nd period - Shot by Leon Draisaitl.
1:26 of 2nd period - Shot Blocked by Dmitri Orlov.
1:42 of 2nd period - Shot by Alexander Ovechkin.
1:42 of 2nd period - Shot Misses the Net.
2:36 of 2nd period - Shot by Sam Gagner.
2:36 of 2nd period - Shot Blocked by Kristopher Letang.
2:57 of 2nd period - Icing by Adam Fox.
2:58 of 2nd period - Scott Laughton wins face-off versus Anthony Cirelli in KELOWNA ROCKETS zone.
3:11 of 2nd period - Shot by Brayden Schenn.
3:11 of 2nd period - Stopped by Marcus Hogberg without a rebound.
3:12 of 2nd period - Evgeny Kuznetsov wins face-off versus Cole Bardreau in KELOWNA ROCKETS zone.
3:12 of 2nd period - Evgeny Kuznetsov is hit by Ross Johnston.
3:32 of 2nd period - Niklas Hjalmarsson is hit by Ross Johnston and loses puck.
3:47 of 2nd period - Shot by Vladimir Tarasenko.
3:47 of 2nd period - Stopped by David Rittich without a rebound.
3:48 of 2nd period - Brayden Schenn wins face-off versus Auston Matthews in COLORADO GLACIERCATS zone.
3:54 of 2nd period - Luke Glendening is hit by Mark Giordano and loses puck.
4:03 of 2nd period - Deryk Engelland is hit by Alexander Ovechkin.
4:11 of 2nd period - Shot by Jordan Eberle.
4:11 of 2nd period - Stopped by David Rittich without a rebound.
4:12 of 2nd period - Tomas Hertl wins face-off versus Anthony Cirelli in COLORADO GLACIERCATS zone.
5:25 of 2nd period - Jordan Eberle is hit by Zach Aston-Reese and loses puck.
5:51 of 2nd period - Icing by Joel Edmundson.
5:52 of 2nd period - Brayden Schenn wins face-off versus Evgeny Kuznetsov in COLORADO GLACIERCATS zone.
6:22 of 2nd period - Shot by Scott Laughton.
6:22 of 2nd period - Stopped by Marcus Hogberg without a rebound.
6:23 of 2nd period - Sam Gagner wins face-off versus Anthony Cirelli in KELOWNA ROCKETS zone.
7:11 of 2nd period - Shot by Anthony Cirelli.
7:11 of 2nd period - Shot Blocked by Deryk Engelland.
8:21 of 2nd period - Icing by Devon Toews.
8:22 of 2nd period - Colby Cave wins face-off versus Sam Gagner in COLORADO GLACIERCATS zone.
8:26 of 2nd period - Icing by Deryk Engelland.
8:27 of 2nd period - Sam Gagner wins face-off versus Evgeny Kuznetsov in COLORADO GLACIERCATS zone.
8:27 of 2nd period - Sam Gagner is hit by Joakim Nordstrom.
9:01 of 2nd period - Shot by Vladimir Tarasenko.
9:01 of 2nd period - Shot Misses the Net.
9:39 of 2nd period - Shot by Anthony Cirelli.
9:39 of 2nd period - Shot Misses the Net.
9:41 of 2nd period - Shot by Pavel Buchnevich.
9:41 of 2nd period - Shot Misses the Net.
9:43 of 2nd period - Shot by Anthony Cirelli.
9:43 of 2nd period - Deflect By Tyler Bertuzzi.
9:43 of 2nd period - Shot Blocked by Ryan Ellis.
10:17 of 2nd period - Shot by Auston Matthews.
10:17 of 2nd period - Shot Misses the Net.
10:19 of 2nd period - Shot by Jordan Eberle.
10:19 of 2nd period - Stopped by David Rittich without a rebound.
10:20 of 2nd period - Colby Cave wins face-off versus Tomas Hertl in COLORADO GLACIERCATS zone.
10:20 of 2nd period - Minor Penalty to Zach Bogosian for Tripping.
10:21 of 2nd period - Tomas Hertl wins face-off versus Evgeny Kuznetsov in COLORADO GLACIERCATS zone.
10:21 of 2nd period - Tomas Hertl is hit by Anthony Cirelli.
11:03 of 2nd period - Shot by Alexander Ovechkin.
11:03 of 2nd period - Deflect By Evgeny Kuznetsov.
11:03 of 2nd period - Shot Misses the Net.
11:19 of 2nd period - Shot by Kristopher Letang.
11:19 of 2nd period - Stopped by David Rittich without a rebound.
11:20 of 2nd period - Evgeny Kuznetsov wins face-off versus Tomas Hertl in COLORADO GLACIERCATS zone.
11:51 of 2nd period - Shot by Pavel Buchnevich.
11:51 of 2nd period - Stopped by David Rittich without a rebound.
11:52 of 2nd period - Luke Glendening wins face-off versus Anthony Cirelli in COLORADO GLACIERCATS zone.
11:52 of 2nd period - Luke Glendening is hit by Anthony Cirelli.
12:16 of 2nd period - Shot by Alexander Ovechkin.
12:16 of 2nd period - Stopped by David Rittich without a rebound.
12:17 of 2nd period - Luke Glendening wins face-off versus Evgeny Kuznetsov in COLORADO GLACIERCATS zone.
12:32 of 2nd period - Cole Bardreau is hit by Alexander Ovechkin and loses puck.
14:09 of 2nd period - Shot by Anthony Cirelli.
14:09 of 2nd period - Deflect By Tyler Bertuzzi.
14:09 of 2nd period - Stopped by David Rittich without a rebound.
14:10 of 2nd period - Tomas Hertl wins face-off versus Evgeny Kuznetsov in COLORADO GLACIERCATS zone.
15:21 of 2nd period - Icing by Kristopher Letang.
15:22 of 2nd period - Colby Cave wins face-off versus Sam Gagner in KELOWNA ROCKETS zone.
15:22 of 2nd period - Kristopher Letang is hit by Dustin Brown and loses puck.
15:36 of 2nd period - Shot by Joonas Donskoi.
15:36 of 2nd period - Deflect By Dustin Brown.
15:36 of 2nd period - Shot Misses the Net.
16:01 of 2nd period - Icing by Devon Toews.
16:02 of 2nd period - Auston Matthews wins face-off versus Sam Gagner in COLORADO GLACIERCATS zone.
16:06 of 2nd period - Jordan Eberle is hit by Deryk Engelland and loses puck.
16:15 of 2nd period - Minor Penalty to Dustin Brown for Hooking.
16:16 of 2nd period - Evgeny Kuznetsov wins face-off versus Luke Glendening in COLORADO GLACIERCATS zone.
16:43 of 2nd period - Shot by Alexander Ovechkin.
16:43 of 2nd period - Shot Blocked by Joel Edmundson.
16:55 of 2nd period - Shot by Alexander Ovechkin.
16:55 of 2nd period - Stopped by David Rittich without a rebound.
16:56 of 2nd period - Luke Glendening wins face-off versus Evgeny Kuznetsov in COLORADO GLACIERCATS zone.
18:01 of 2nd period - Shot by Tyler Bertuzzi.
18:01 of 2nd period - Shot Misses the Net.
18:03 of 2nd period - Shot by Tyler Bertuzzi.
18:03 of 2nd period - Goal by Tyler Bertuzzi - KELOWNA ROCKETS : 3 - COLORADO GLACIERCATS : 2.
18:04 of 2nd period - Colby Cave wins face-off versus Cole Bardreau in neutral zone.
18:22 of 2nd period - Shot by Leon Draisaitl.
18:22 of 2nd period - Stopped by Marcus Hogberg without a rebound.
18:23 of 2nd period - Scott Laughton wins face-off versus Anthony Cirelli in KELOWNA ROCKETS zone.
18:24 of 2nd period - Shot by Ryan Ellis.
18:24 of 2nd period - Shot Misses the Net.
18:34 of 2nd period - Shot by Pavel Buchnevich.
18:34 of 2nd period - Shot Blocked by Ryan Ellis.
18:36 of 2nd period - Shot by Anthony Cirelli.
18:36 of 2nd period - Stopped by David Rittich without a rebound.
18:37 of 2nd period - Tomas Hertl wins face-off versus Colby Cave in COLORADO GLACIERCATS zone.
18:48 of 2nd period - Shot by Tomas Hertl.
18:48 of 2nd period - Stopped by Marcus Hogberg without a rebound.
18:49 of 2nd period - Auston Matthews wins face-off versus Brayden Schenn in KELOWNA ROCKETS zone.
19:11 of 2nd period - Icing by Dmitri Orlov.
19:12 of 2nd period - Auston Matthews wins face-off versus Tomas Hertl in KELOWNA ROCKETS zone.
19:32 of 2nd period - Jordan Eberle is hit by Zach Aston-Reese and loses puck.
Goals for this period are 1 for KELOWNA ROCKETS vs 0 for COLORADO GLACIERCATS.
Shots for this period are 14 for KELOWNA ROCKETS vs 4 for COLORADO GLACIERCATS.

3rd period


0:01 of 3rd period - Tomas Hertl wins face-off versus Anthony Cirelli in neutral zone.
0:25 of 3rd period - Icing by Joel Edmundson.
0:26 of 3rd period - Tomas Hertl wins face-off versus Auston Matthews in COLORADO GLACIERCATS zone.
0:35 of 3rd period - Shot by Leon Draisaitl.
0:35 of 3rd period - Stopped by Marcus Hogberg without a rebound.
0:36 of 3rd period - Brayden Schenn wins face-off versus Auston Matthews in KELOWNA ROCKETS zone.
0:37 of 3rd period - Shot by Scott Laughton.
0:37 of 3rd period - Stopped by Marcus Hogberg with a rebound.
1:25 of 3rd period - Shot by Auston Matthews.
1:25 of 3rd period - Shot Misses the Net.
1:37 of 3rd period - Shot by Anthony Cirelli.
1:37 of 3rd period - Shot Misses the Net.
1:44 of 3rd period - Icing by Deryk Engelland.
1:45 of 3rd period - Evgeny Kuznetsov wins face-off versus Brayden Schenn in COLORADO GLACIERCATS zone.
1:52 of 3rd period - Shot by Joakim Nordstrom.
1:52 of 3rd period - Shot Blocked by Deryk Engelland.
3:03 of 3rd period - Johnny Boychuk is hit by Pavel Buchnevich and loses puck.
3:08 of 3rd period - Shot by Tyler Bertuzzi.
3:08 of 3rd period - Shot Blocked by Johnny Boychuk.
3:24 of 3rd period - Mark Giordano is hit by Dustin Brown and loses puck.
3:41 of 3rd period - Johnny Boychuk is hit by Alexander Ovechkin and loses puck.
3:50 of 3rd period - Shot by Auston Matthews.
3:50 of 3rd period - Deflect By Jordan Eberle.
3:50 of 3rd period - Stopped by David Rittich without a rebound.
3:51 of 3rd period - Cole Bardreau wins face-off versus Colby Cave in COLORADO GLACIERCATS zone.
3:51 of 3rd period - Cole Bardreau is hit by Colby Cave.
4:01 of 3rd period - Shot by Leon Draisaitl.
4:01 of 3rd period - Stopped by Marcus Hogberg with a rebound.
4:10 of 3rd period - Shot by Niklas Hjalmarsson.
4:10 of 3rd period - Stopped by David Rittich with a rebound.
4:39 of 3rd period - Shot by Evgeny Kuznetsov.
4:39 of 3rd period - Shot Misses the Net.
4:43 of 3rd period - Shot by Mark Giordano.
4:43 of 3rd period - Shot Blocked by Leon Draisaitl.
4:50 of 3rd period - Off-side.
4:51 of 3rd period - Pavel Buchnevich wins face-off versus Luke Glendening in neutral zone.
5:02 of 3rd period - Shot by Anthony Cirelli.
5:02 of 3rd period - Deflect By Tyler Bertuzzi.
5:02 of 3rd period - Shot Misses the Net.
5:04 of 3rd period - Shot by Pavel Buchnevich.
5:04 of 3rd period - Shot Misses the Net.
5:14 of 3rd period - Shot by Scott Laughton.
5:14 of 3rd period - Deflect By Brayden Schenn.
5:14 of 3rd period - Stopped by Marcus Hogberg without a rebound.
5:15 of 3rd period - Sam Gagner wins face-off versus Auston Matthews in KELOWNA ROCKETS zone.
5:30 of 3rd period - Shot by Auston Matthews.
5:30 of 3rd period - Goal by Auston Matthews - KELOWNA ROCKETS : 4 - COLORADO GLACIERCATS : 2.
5:31 of 3rd period - Anthony Cirelli wins face-off versus Brayden Schenn in neutral zone.
6:11 of 3rd period - Anthony Cirelli is hit by Deryk Engelland and loses puck.
6:12 of 3rd period - Minor Penalty to Deryk Engelland for High sticking.
6:13 of 3rd period - Tomas Hertl wins face-off versus Vitaly Abramov in COLORADO GLACIERCATS zone.
7:24 of 3rd period - Icing by Dmitri Orlov.
7:25 of 3rd period - Tomas Hertl wins face-off versus Anthony Cirelli in KELOWNA ROCKETS zone.
7:52 of 3rd period - Shot by Kristopher Letang.
7:52 of 3rd period - Shot Misses the Net.
7:54 of 3rd period - Shot by Kristopher Letang.
7:54 of 3rd period - Deflect By Tyler Bertuzzi.
7:54 of 3rd period - Shot Misses the Net.
7:56 of 3rd period - Shot by Kristopher Letang.
7:56 of 3rd period - Stopped by David Rittich without a rebound.
7:57 of 3rd period - Evgeny Kuznetsov wins face-off versus Luke Glendening in COLORADO GLACIERCATS zone.
8:12 of 3rd period - Shot by Alexander Ovechkin.
8:12 of 3rd period - Shot Misses the Net.
8:14 of 3rd period - Shot by Jordan Eberle.
8:14 of 3rd period - Stopped by David Rittich with a rebound.
8:16 of 3rd period - Shot by Jordan Eberle.
8:16 of 3rd period - Shot Misses the Net.
8:18 of 3rd period - Shot by Auston Matthews.
8:18 of 3rd period - Stopped by David Rittich without a rebound.
8:19 of 3rd period - Leon Draisaitl wins face-off versus Anthony Cirelli in COLORADO GLACIERCATS zone.
8:55 of 3rd period - Shot by Tyler Bertuzzi.
8:55 of 3rd period - Shot Misses the Net.
8:57 of 3rd period - Shot by Pavel Buchnevich.
8:57 of 3rd period - Shot Misses the Net.
8:59 of 3rd period - Shot by Pavel Buchnevich.
8:59 of 3rd period - Stopped by David Rittich without a rebound.
9:00 of 3rd period - Alexander Ovechkin wins face-off versus Brayden Schenn in COLORADO GLACIERCATS zone.
9:13 of 3rd period - Shot by Auston Matthews.
9:13 of 3rd period - Shot Misses the Net.
9:33 of 3rd period - Shot by Auston Matthews.
9:33 of 3rd period - Stopped by David Rittich without a rebound.
9:34 of 3rd period - Tomas Hertl wins face-off versus Vladimir Tarasenko in COLORADO GLACIERCATS zone.
9:41 of 3rd period - Shot by Zach Aston-Reese.
9:41 of 3rd period - Shot Misses the Net.
9:43 of 3rd period - Shot by Tomas Hertl.
9:43 of 3rd period - Deflect By Leon Draisaitl.
9:43 of 3rd period - Stopped by Marcus Hogberg with a rebound.
9:45 of 3rd period - Shot by Tomas Hertl.
9:45 of 3rd period - Shot Misses the Net.
9:47 of 3rd period - Shot by Leon Draisaitl.
9:47 of 3rd period - Stopped by Marcus Hogberg with a rebound.
9:49 of 3rd period - Shot by Zach Aston-Reese.
9:49 of 3rd period - Stopped by Marcus Hogberg without a rebound.
9:50 of 3rd period - Dustin Brown wins face-off versus Anthony Cirelli in KELOWNA ROCKETS zone.
10:09 of 3rd period - Shot by Dustin Brown.
10:09 of 3rd period - Stopped by Marcus Hogberg with a rebound.
10:11 of 3rd period - Shot by Sam Gagner.
10:11 of 3rd period - Shot Misses the Net.
11:24 of 3rd period - Minor Penalty to Zach Aston-Reese for Tripping.
11:25 of 3rd period - Evgeny Kuznetsov wins face-off versus Luke Glendening in COLORADO GLACIERCATS zone.
11:50 of 3rd period - Shot by Evgeny Kuznetsov.
11:50 of 3rd period - Shot Misses the Net.
11:54 of 3rd period - Shot by Alexander Ovechkin.
11:54 of 3rd period - Goal by Alexander Ovechkin - KELOWNA ROCKETS : 5 - COLORADO GLACIERCATS : 2.
11:55 of 3rd period - Dustin Brown wins face-off versus Jordan Eberle in neutral zone.
12:07 of 3rd period - Off-side.
12:08 of 3rd period - Tomas Hertl wins face-off versus Evgeny Kuznetsov in neutral zone.
12:10 of 3rd period - Off-side.
12:11 of 3rd period - Leon Draisaitl wins face-off versus Evgeny Kuznetsov in neutral zone.
12:14 of 3rd period - Shot by Tomas Hertl.
12:14 of 3rd period - Stopped by Marcus Hogberg with a rebound.
12:23 of 3rd period - Minor Penalty to Deryk Engelland for Boarding.
12:24 of 3rd period - Evgeny Kuznetsov wins face-off versus Luke Glendening in COLORADO GLACIERCATS zone.
12:25 of 3rd period - Shot by Alexander Ovechkin.
12:25 of 3rd period - Shot Misses the Net.
12:27 of 3rd period - Shot by Anthony Cirelli.
12:27 of 3rd period - Shot Misses the Net.
12:29 of 3rd period - Shot by Adam Fox.
12:29 of 3rd period - Shot Misses the Net.
12:31 of 3rd period - Shot by Adam Fox.
12:31 of 3rd period - Stopped by David Rittich without a rebound.
12:32 of 3rd period - Evgeny Kuznetsov wins face-off versus Luke Glendening in COLORADO GLACIERCATS zone.
12:33 of 3rd period - Shot by Alexander Ovechkin.
12:33 of 3rd period - Stopped by David Rittich with a rebound.
13:02 of 3rd period - Shot by Pavel Buchnevich.
13:02 of 3rd period - Shot Blocked by Joel Edmundson.
13:18 of 3rd period - Shot by Alexander Ovechkin.
13:18 of 3rd period - Stopped by David Rittich without a rebound.
13:19 of 3rd period - Luke Glendening wins face-off versus Evgeny Kuznetsov in COLORADO GLACIERCATS zone.
13:38 of 3rd period - Shot by Evgeny Kuznetsov.
13:38 of 3rd period - Shot Misses the Net.
13:42 of 3rd period - Shot by Vladimir Tarasenko.
13:42 of 3rd period - Stopped by David Rittich with a rebound.
13:44 of 3rd period - Shot by Dmitri Orlov.
13:44 of 3rd period - Shot Hit the Post.
13:46 of 3rd period - Shot by Dmitri Orlov.
13:46 of 3rd period - Shot Blocked by Joel Edmundson.
13:48 of 3rd period - Shot by Kristopher Letang.
13:48 of 3rd period - Stopped by David Rittich with a rebound.
14:05 of 3rd period - Icing by Kristopher Letang.
14:06 of 3rd period - Pavel Buchnevich wins face-off versus Luke Glendening in KELOWNA ROCKETS zone.
14:43 of 3rd period - Shot by Scott Wilson.
14:43 of 3rd period - Stopped by David Rittich with a rebound.
14:48 of 3rd period - Off-side.
14:49 of 3rd period - Brayden Schenn wins face-off versus Anthony Cirelli in neutral zone.
14:49 of 3rd period - Brayden Schenn is hit by Tyler Bertuzzi.
15:00 of 3rd period - Anthony Cirelli is hit by Devon Toews and loses puck.
15:08 of 3rd period - Anthony Cirelli is hit by Deryk Engelland and loses puck.
15:42 of 3rd period - Off-side.
15:43 of 3rd period - Tomas Hertl wins face-off versus Evgeny Kuznetsov in neutral zone.
16:05 of 3rd period - Icing by Tomas Hertl.
16:06 of 3rd period - Auston Matthews wins face-off versus Tomas Hertl in COLORADO GLACIERCATS zone.
16:06 of 3rd period - Jordan Eberle is hit by Joel Edmundson.
16:41 of 3rd period - Auston Matthews is hit by Joel Edmundson.
16:45 of 3rd period - Shot by Auston Matthews.
16:45 of 3rd period - Shot Misses the Net.
16:53 of 3rd period - Jordan Eberle is hit by Zach Aston-Reese and loses puck.
17:27 of 3rd period - Icing by Deryk Engelland.
17:28 of 3rd period - Evgeny Kuznetsov wins face-off versus Brayden Schenn in COLORADO GLACIERCATS zone.
17:40 of 3rd period - Icing by Deryk Engelland.
17:41 of 3rd period - Scott Laughton wins face-off versus Anthony Cirelli in COLORADO GLACIERCATS zone.
19:46 of 3rd period - Icing by Leon Draisaitl.
19:47 of 3rd period - Evgeny Kuznetsov wins face-off versus Cole Bardreau in COLORADO GLACIERCATS zone.
19:52 of 3rd period - Shot by Vladimir Tarasenko.
19:52 of 3rd period - Shot Misses the Net.
Goals for this period are 2 for KELOWNA ROCKETS vs 0 for COLORADO GLACIERCATS.
Shots for this period are 15 for KELOWNA ROCKETS vs 9 for COLORADO GLACIERCATS.


JOHNNY
GAUDREAU
MATTHEW
BOLDY
OWEN
TIPPETT

EAST COAST

HOCKEY LEAGUE

  • 29.PIT6MAN7
  • 30.ATL6NHW2
  • 31.WOR4PET3
  • 32.3RHI4
  • 33.CHIQUE
  • 34.LIMCHA
  • 35.LONTRV
  • 36.BALCHW